 Dungeon Crawl Stone Soup version 0.14.0-17-gc0b17a5 (webtiles) character file.

420 Quh the Ruinous (level 6, 0/32 HPs)
             Began as a Deep Elf Conjurer on Apr 19, 2014.
             Killed from afar by an orc wizard (9 damage)
             ... with a puff of flame
             ... on Level 4 of the Dungeon.
             The game lasted 00:14:34 (2808 turns).

Quh the Ruinous (Deep Elf Conjurer)                 Turns: 2808, Time: 00:14:34

HP   0/32        AC  3     Str  7      XL: 6   Next:  2%
MP   0/18        EV 18     Int 20      God:
Gold 149         SH  0     Dex 15      Spells:  3 memorised,  3 levels left

rFire  . . .     SeeInvis .     n - +2 whip (drain)
rCold  . . .     Clarity  .     a - +0 robe
rNeg   . . .     Conserve .     (no shield)
rPois  .         rCorr    +     (no helmet)
rElec  .         rRot     .     (no cloak)
SustAb . .       Spirit   .     (no gloves)
rMut   .         Warding  .     e - +0 pair of boots
Saprov . . .     Stasis   .     s - amulet of resist corrosion {unknown}
MR     .....                    (no ring)
                                p - +5 ring of evasion

@: not resistant to hostile enchantments, fairly stealthy
A: no striking features
a: no special abilities


You were on level 4 of the Dungeon.
You were hungry.

You visited 1 branch of the dungeon, and saw 4 of its levels.

You collected 149 gold pieces.

Inventory:

Hand weapons
 n - a +2,+2 whip of draining (weapon)
Armour
 a - a +0 robe (worn)
 e - a +0 pair of boots (worn)
Comestibles
 b - 5 bread rations
 h - an apple
 k - 2 meat rations
 o - a cheese
Scrolls
 d - 3 scrolls of remove curse
 g - a scroll of fog {unknown}
 i - 2 scrolls of random uselessness {unknown}
 j - 2 scrolls of noise {unknown}
 m - a scroll of identify {unknown}
 r - a scroll of fear {unknown}
 t - a scroll of teleportation {unknown}
 w - a scroll of magic mapping {unknown}
Jewellery
 p - a +5 ring of evasion (left hand)
 s - an amulet of resist corrosion (around neck) {unknown}
Potions
 f - a potion of curing
 l - a potion of resistance {unknown}
 u - a potion of haste {unknown}
 v - a potion of heal wounds {unknown}
Books
 c - a book of Conjurations

   Spells                             Type                      Level
   *Magic Dart                        Conjuration                  1
   *Searing Ray                       Conjuration                  2
   Dazzling Spray                     Conjuration/Hexes            3
   Fulminant Prism                    Conjuration/Hexes            4
   Iskenderun's Mystic Blast          Conjuration                  4
   *Iskenderun's Battlesphere         Conjuration/Charms           5


   Skills:
 - Level 2.4 Dodging
 - Level 2.4 Stealth
 - Level 3.0 Spellcasting
 * Level 7.9 Conjurations
 * Level 1.1 Charms


You had 3 spell levels left.
You knew the following spells:

 Your Spells              Type           Power        Failure   Level  Hunger
a - Magic Dart            Conj           ####         1%          1    None
b - Searing Ray           Conj           ####..       1%          2    ##.....
c - Iskenderun's Battles  Conj/Chrm      ###.....     71%         5    #####..


Dungeon Overview and Level Annotations

Branches:
Dungeon (4/15)
 Temple: D:4-7

Altars:
Ashenzari


Message History

* * * LOW HITPOINT WARNING * * *
The hound bites you but does no damage.
The orc wizard gestures wildly while chanting.
You feel troubled.
The orc wizard gestures wildly while chanting.
You feel troubled. The hound completely misses you.
Casting: Magic Dart
Confirm with . or Enter, or press ? or * to list all spells.
Aiming: Magic Dart
Press: ? - help, Shift-Dir - straight line, f/p - hound
Aim: a hound (almost dead)
The magic dart hits the hound.
You kill the hound!
You have reached level 6!
Your experience leads to an increase in your attributes!
Increase (S)trength, (I)ntelligence, or (D)exterity?
You feel stronger. The orc wizard casts a spell at you.
The puff of flame hits you!
You die...

#..##.#.............#
..................####
#..##.##..#.######
#..........#.#
#..##.###.#.# .
#.....#.# # #######.#
#..########.#
#....@..o...#
#.#########.# ....
..### ####


You could see an orc wizard.

Vanquished Creatures
  2 orc priests (D:4)
  A hound (D:4)
  Ijyb (D:3)
  5 adders
  3 gnolls (D:2)
  A worm (D:2)
  4 giant geckos
  2 oozes
  4 orcs
  8 bats
  3 giant cockroaches
  15 goblins
  5 hobgoblins
  5 jackals (D:3)
  A ball python (D:3)
  A giant newt (D:3)
  6 kobolds
  A kobold skeleton (D:4)
  An orc skeleton (D:4)
  2 quokkas (D:3)
  6 rats
77 creatures vanquished.

Notes
Turn   | Place    | Note
--------------------------------------------------------------
     0 | D:1      | Quh, the Deep Elf Conjurer, began the quest for the Orb.
     0 | D:1      | Reached XP level 1. HP: 10/10 MP: 5/5
   199 | D:1      | Reached XP level 2. HP: 15/15 MP: 3/8
   277 | D:1      | Reached skill level 5 in Conjurations
   735 | D:2      | Reached XP level 3. HP: 19/19 MP: 7/10
   911 | D:2      | Reached skill level 6 in Conjurations
   915 | D:2      | Learned a level 2 spell: Searing Ray
  1005 | D:2      | Reached XP level 4. HP: 24/24 MP: 2/13
  1603 | D:3      | Found a shattered altar of Ashenzari.
  2145 | D:3      | Reached XP level 5. HP: 28/28 MP: 12/16
  2152 | D:3      | Learned a level 5 spell: Iskenderun's Battlesphere
  2315 | D:3      | Noticed Ijyb
  2323 | D:3      | Reached skill level 7 in Conjurations
  2329 | D:3      | Killed Ijyb
  2758 | D:4      | Reached skill level 1 in Charms
  2807 | D:4      | Reached XP level 6. HP: 9/32 MP: 0/18
  2808 | D:4      | Killed from afar by an orc wizard

Action                   |  1- 3 |  4- 6 || total
-------------------------+-------+-------++-------
 Cast: Magic Dart        |    64 |    99 ||   163
       Searing Ray       |       |    23 ||    23
  Use: Potion            |       |     2 ||     2
       Scroll            |       |     1 ||     1
